Map: Ruins of Seras

Players

Juggernewt - Winner!

  • Race: Terran Terran

BAUN

  • Race: Protoss Protoss
  • League: Grandmaster

VOD

Have the link to the VOD?

Description

Time

  • Played on: Aug. 11, 2015, 8:20 a.m.
  • Length: 18:03
Show
View Real Time Build Order
Export as new Build Order

Juggernewt Terran - Winner!

Build Orders: Banshee Rush 

Get SALT Encoding   

  12  0:01  SCV  
  13  0:14  SCV  
  14  0:19  Supply Depot  
  15  0:28  SCV  
  15  0:32  Refinery  
  15  0:40  SCV  
  16  0:45  Barracks  
  16  0:52  SCV  
  17  1:04  SCV  
  18  1:18  SCV  
  20  1:33  Orbital Command  
  20  1:38  Marine  
  20  1:43  Factory  
  20  1:51  Supply Depot  
  20  1:59  SCV  
  21  2:05  Refinery  
  21  2:13  SCV  
  22  2:24  Command Center  
  22  2:26  SCV  
  23  2:38  Marine  
  23  2:41  Factory Tech Lab  
  24  2:46  Factory  
  24  2:56  SCV  
  24  3:06  Starport  
  24  3:20  Barracks Reactor  
  24  3:28  SCV  
  25  3:34  Supply Depot  
  25  3:35  Factory Reactor  
  25  3:40  SCV, Orbital Command  
  26  3:55  Banshee  
  29  3:57  Cloaking Field  
  29  4:01  Factory Tech Lab  
  29  4:02  SCV  
  30  4:03  Marine  
  30  4:07  SCV  
  30  4:09  Marine  
  33  4:14  SCV  
  34  4:19  SCV  
  35  4:32  Starport  
  35  4:34  Starport  
  35  4:38  SCV x2, Refinery  
  37  4:40  Refinery, Marine x2  
  39  4:47  Banshee  
  39  4:50  SCV  
  42  5:02  SCV x2  
  44  5:07  Marine x2  
  44  5:12  Starport Tech Lab  
  46  5:14  SCV  
  46  5:15  SCV  
  46  5:17  Fusion Core  
  48  5:25  Marine x2  
  48  5:26  SCV, Widow Mine  
  48  5:27  SCV  
  54  5:32  Supply Depot  
  54  5:35  Supply Depot  
  54  5:37  Supply Depot x2  
  54  5:39  Supply Depot x2, Orbital Command  
  54  5:40  Widow Mine  
  56  5:43  Banshee  
  59  5:50  Orbital Command  
  59  6:16  Banshee  
  62  6:34  Banshee  
  65  6:54  Hyperflight Rotors  
  65  6:57  Banshee  
  68  7:17  Banshee  
  68  7:18  Banshee  
  78  7:37  Hellion x3  
  78  7:38  Marine x2  
  78  7:39  Command Center  
  82  7:47  Refinery x2  
  79  7:56  Marine x2  
  85  7:58  Hellion x2  
  85  8:00  Banshee x2  
  91  8:09  Banshee  
  91  8:11  SCV x2  
  96  8:13  Marine  
  97  8:23  SCV  
  98  8:43  Banshee x2  
  101  8:52  Banshee  
  104  9:01  Orbital Command  
  104  9:03  SCV  
  104  9:04  SCV  
  104  9:05  Engineering Bay  
  106  9:15  SCV  
  106  9:16  SCV  
  108  9:20  Armory  
  112  9:24  Armory, Hellion x3  
  112  9:25  Banshee  
  112  9:28  SCV x3  
  120  9:40  SCV  
  110  10:11  Banshee x3  
  114  10:15  Terran Vehicle And Ship Armor Level 1  
  114  10:19  Terran Ship Weapons Level 1  
  86  10:53  Banshee, Marine  
  86  10:54  Banshee x2, Hellion x3  
  93  11:15  Hellion  
  93  11:16  Hellion x2  
  99  11:20  Factory  
  99  11:21  Factory x2  
  99  11:24  Factory  
  99  11:36  Banshee x3  
  99  11:37  Hellion x3  
  114  11:46  Supply Depot x2  
  114  11:47  Supply Depot  
  114  12:09  Factory Reactor  
  114  12:10  Factory Reactor x3  
  114  12:11  Supply Depot, Hellbat x2  
  120  12:18  Terran Vehicle And Ship Armor Level 2  
  120  12:19  Banshee x2  
  127  12:33  Hellion x2  
  127  12:34  Banshee  
  131  12:38  Terran Ship Weapons Level 2  
  131  12:40  Factory Tech Lab  
  131  12:50  Hellbat x5  
  131  12:51  Hellbat x3  
  147  12:54  Hellion  
  149  13:02  Banshee  
  152  13:21  Banshee x2  
  152  13:22  Supply Depot x2  
  152  13:24  Supply Depot, Hellion  
  152  13:25  Hellbat  
  162  13:30  Command Center  
  162  13:44  Supply Depot  
  162  13:45  Banshee, Supply Depot  
  162  13:46  Supply Depot  
  162  13:47  Supply Depot  
  162  13:48  Supply Depot  
  165  13:49  Supply Depot  
  165  13:50  Supply Depot  
  165  13:52  Engineering Bay  
  165  13:57  Hellbat x3  
  165  13:59  Hellion x17  
  169  14:06  Supply Depot  
  159  14:10  Supply Depot  
  148  14:28  Hellbat x3  
  147  14:32  Liberator x2  
  147  14:34  Liberator x2  
  147  14:35  Liberator  
  160  14:56  Hellbat x5  
  160  14:57  Hellbat x2  
  174  15:03  Planetary Fortress  
  174  15:15  Liberator x2  
  174  15:17  Liberator x3  
  189  16:05  Hellion x3  
  189  16:06  Hellion x2  
  155  17:00  Liberator x5  
  133  17:19  Hellion  
  133  17:20  Hellion x9  
  160  17:41  Hellbat x10  
Show
View Real Time Build Order
Export as new Build Order

BAUN Protoss 

Build Orders: Double Forge 

Get SALT Encoding   

  12  0:02  Probe  
  14  0:14  Probe  
  14  0:28  Pylon  
  14  0:50  Probe, Forge  
  15  1:02  Probe (Chrono Boost)  
  16  1:04  Gateway  
  16  1:06  Assimilator  
  16  1:14  Probe (Chrono Boost)  
  17  1:23  Probe (Chrono Boost)  
  17  1:25  Pylon  
  18  1:37  Photon Cannon  
  18  1:50  Pylon  
  18  1:53  Gateway  
  18  1:54  Probe (Chrono Boost)  
  19  2:04  Probe (Chrono Boost)  
  20  2:10  Photon Cannon  
  20  2:14  Photon Cannon  
  20  2:17  Photon Cannon  
  20  2:23  Probe (Chrono Boost)  
  21  2:34  Gateway  
  21  2:35  Zealot (Chrono Boost)  
  23  2:49  Probe (Chrono Boost)  
  24  2:55  Cybernetics Core  
  24  3:19  Nexus  
  24  3:26  Pylon  
  24  3:35  Probe (Chrono Boost)  
  24  3:39  Warp Gate (Chrono Boost)  
  25  3:41  Assimilator  
  25  3:45  Probe (Chrono Boost)  
  26  3:53  Mothership Core  
  28  4:20  Gateway  
  28  4:24  Gateway  
  28  4:25  Pylon  
  28  4:27  Protoss Ground Armor Level 1 (Chrono Boost)  
  28  4:28  Pylon  
  28  4:36  Stalker  
  30  4:39  Adept  
  30  4:41  Zealot  
  34  4:53  Probe  
  34  4:54  Forge  
  34  4:56  Probe  
  36  5:05  Probe  
  37  5:08  Probe  
  38  5:15  Pylon  
  38  5:17  Probe (Chrono Boost)  
  41  5:29  Probe (Chrono Boost)  
  41  5:30  Probe (Chrono Boost)  
  41  5:50  Forge  
  41  5:53  Probe (Chrono Boost)  
  43  5:57  Pylon  
  43  5:58  Probe (Chrono Boost)  
  43  5:59  Stalker  
  43  6:00  Stalker, Pylon  
  43  6:02  Adept  
  43  6:03  Zealot  
  51  6:04  Zealot  
  51  6:06  Probe (Chrono Boost)  
  54  6:16  Probe (Chrono Boost)  
  54  6:18  Probe (Chrono Boost)  
  57  6:27  Probe (Chrono Boost)  
  57  6:28  Probe (Chrono Boost)  
  57  6:30  Photon Cannon  
  58  6:33  Probe (Chrono Boost)  
  58  6:37  Photon Cannon  
  59  6:42  Probe (Chrono Boost)  
  59  6:45  Probe (Chrono Boost)  
  59  6:46  Protoss Ground Weapons Level 1  
  61  6:51  Probe (Chrono Boost)  
  61  6:53  Probe (Chrono Boost)  
  62  7:13  Stalker x5  
  72  7:30  Photon Cannon  
  72  7:33  Photon Cannon  
  72  7:43  Robotics Facility  
  70  7:59  Stalker  
  70  8:00  Stalker x2  
  76  8:07  Photon Cannon  
  76  8:10  Photon Cannon  
  76  8:13  Photon Cannon  
  76  8:15  Pylon  
  76  8:16  Pylon  
  76  8:19  Pylon  
  76  8:21  Gateway  
  76  8:24  Gateway  
  76  8:44  Observer (Chrono Boost)  
  76  8:47  Pylon  
  77  8:50  Pylon  
  77  8:58  Twilight Council  
  77  8:59  Protoss Shields Level 1  
  77  9:03  Stalker x3  
  77  9:05  Immortal (Chrono Boost)  
  87  9:22  Probe (Chrono Boost)  
  87  9:24  Gateway  
  89  9:27  Probe (Chrono Boost)  
  89  9:28  Forge  
  89  9:29  Forge  
  89  9:30  Zealot x2  
  93  9:33  Photon Cannon  
  93  9:38  Photon Cannon  
  75  9:57  Stalker x2  
  75  9:58  Stalker x2  
  83  10:01  Protoss Ground Weapons Level 2  
  83  10:02  Protoss Ground Armor Level 2  
  63  10:24  Stalker  
  63  10:25  Stalker x2  
  69  10:34  Photon Cannon  
  69  10:39  Photon Cannon  
  69  10:40  Pylon  
  53  11:02  Stalker x3  
  53  11:03  Stalker  
  61  11:07  Zealot  
  63  11:14  Nexus  
  63  11:21  Pylon  
  63  11:34  Gateway  
  63  11:35  Probe x2  
  63  11:38  Photon Cannon  
  63  11:39  Pylon  
  65  11:41  Pylon  
  65  11:47  Probe  
  66  11:55  Stargate  
  66  12:05  Probe (Chrono Boost)  
  68  12:10  Probe (Chrono Boost)  
  69  12:15  Probe (Chrono Boost)  
  69  12:19  Probe (Chrono Boost)  
  69  12:22  Assimilator  
  72  12:23  Mothership Core  
  72  12:26  Assimilator  
  72  12:33  Shield Upgrade  
  72  12:41  Assimilator  
  72  12:43  Probe, Assimilator  
  73  12:49  Photon Cannon  
  73  12:50  Stalker  
  75  12:52  Photon Cannon  
  75  12:53  Sentry  
  75  12:54  Photon Cannon  
  75  12:55  Stalker, Probe  
  80  13:11  Stalker x3  
  80  13:12  Stalker  
  88  13:15  Zealot  
  90  13:22  Phoenix  
  92  13:32  Photon Cannon  
  92  13:44  Protoss Ground Armor Level 3  
  92  13:49  Stalker x3  
  92  13:52  Stalker  
  100  14:27  Void Ray (Chrono Boost)  
  104  14:49  Zealot x4  
  112  14:55  Protoss Shields Level 2  
  112  15:03  Protoss Air Weapons Level 1 (Chrono Boost)  
  112  15:09  Phoenix (Chrono Boost)  
  112  15:14  Nexus  
  114  15:15  Pylon  
  114  15:17  Observer  
  114  15:18  Pylon  
  115  15:22  Pylon  
  115  15:23  Phoenix  
  115  15:24  Pylon  
  117  15:29  Dark Shrine  
  117  15:31  Immortal  
  117  15:40  Stalker x4  
  117  15:41  Stalker  
  131  15:44  Probe x3  
  134  15:59  Void Ray  
  138  16:19  Robotics Bay  
  120  16:42  Void Ray  
  120  16:46  Dark Templar x5  
  94  16:52  Stalker  
  63  17:05  Stalker  
  42  17:23  Stalker x4  
  29  17:44  Stalker  
Tags
 
Add a new tag
Caveats
  • Supply blocks, unpowered buildings, or Contaminate may cause inaccurate times.
  • Supply counts are checked every 10 seconds.